 Dungeon Crawl Stone Soup version 0.28-a0-872-g80cf8599ee (webtiles) character file.

Game seed: 11326383666145093332

344 Strat the Sneak (level 6, -2/44 HPs)
             Began as a Demonspawn Brigand on Nov 21, 2021.
             Was an Initiate of Makhleb.
             Slain by a jelly (3 damage)
             ... on level 4 of the Dungeon.
             The game lasted 00:09:39 (5108 turns).

Strat the Sneak (Demonspawn Brigand)                Turns: 5108, Time: 00:09:40

Health: -2/44      AC: -6    Str: 13    XL:     6   Next: 31%
Magic:  15/15      EV: 12    Int: 13    God:    Makhleb [......]
Gold:   182        SH:  0    Dex: 20    Spells: 5/5 levels left

rFire   . . .      SeeInvis .   a - +2 dagger
rCold   . . .      Faith    .   (no shield)
rNeg    . . .      Spirit   .   b - +0 robe
rPois   .          Reflect  .   (helmet restricted)
rElec   .          Harm     .   c - +0 cloak
rCorr   .          Rampage  .   j - +0 pair of gloves
Will    .....                   B - +0 pair of boots
Stlth   +++.......              (no amulet)
HPRegen 0.14/turn               D - +6 ring of dexterity
MPRegen 0.14/turn               i - ring of magical power

@: corroded
A: antennae 2, sharp scales 1
a: Renounce Religion


You were on level 4 of the Dungeon.
You worshipped Makhleb.
Makhleb was noncommittal.
You visited 2 branches of the dungeon, and saw 5 of its levels.

You collected 182 gold pieces.

Inventory:

Hand Weapons
 a - a +2 dagger (weapon)
Missiles
 d - 10 poisoned darts (quivered)
 e - 2 curare-tipped darts
 g - 163 stones
Armour
 b - a +0 robe (worn)
 c - a +0 cloak (worn)
 j - a +0 pair of gloves (worn)
 B - a +0 pair of boots (worn)
 C - a +0 kite shield
Jewellery
 i - a ring of magical power (right hand)
 D - a +6 ring of dexterity (left hand)
Wands
 q - a wand of charming (16)
 E - a wand of digging (6)
Scrolls
 f - a scroll of holy word {unknown}
 k - 4 scrolls of amnesia {unknown}
 l - a scroll of vulnerability {unknown}
 m - a scroll of fog {unknown}
 n - a scroll of enchant armour {unknown}
 o - a scroll of teleportation {unknown}
 p - a scroll of identify {unknown}
 t - a scroll of brand weapon {unknown}
 u - a scroll of blinking {unknown}
 x - 4 scrolls of enchant weapon {unknown}
 y - a scroll of noise {unknown}
Potions
 h - 2 potions of flight {unknown}
 r - 2 potions of curing {unknown}
 s - a potion of ambrosia {unknown}
 v - 2 potions of mutation {unknown}
 w - a potion of lignification {unknown}
 z - a potion of degeneration {unknown}
 A - 2 potions of attraction {unknown}


   Skills:
 - Level 2.0 Fighting
 + Level 5.1 Short Blades
 - Level 1.7 Throwing
 - Level 0.8 Dodging
 + Level 5.2 Stealth


You had 5 spell levels left.
You didn't know any spells.
Your spell library contained the following spells:

 Spells                   Type           Power      Damage    Failure   Level
 Sandblast                Erth           0%         2d4       30%         1
 Passwall                 Tmut/Erth      0%         N/A       43%         2
 Stone Arrow              Conj/Erth      0%         3d7       67%         3


Dungeon Overview and Level Annotations

Branches:
Dungeon (4/15)             Temple (1/1) D:4

Altars:
Cheibriados
Dithmenos
Elyvilon
Gozag
Kikubaaqudgha
Makhleb
Nemelex Xobeh
Okawaru
Qazlal
Ru
Sif Muna
Uskayaw
Wu Jian
The Shining One

Shops:
D:1 [


Innate Abilities, Weirdness & Mutations

You have a pair of antennae on your head.
You are partially covered in razor-sharp scales. (AC +1, Slay +1)


Message History

The jelly hits you. The acid corrodes you!
You are splashed with acid!
You hit the jelly but do no damage.
Your hands burn!
* * * LOW HITPOINT WARNING * * *
The jelly is heavily wounded.
You hit the jelly but do no damage. The acid corrodes you!
Your hands burn!
* * * LOW HITPOINT WARNING * * *
The jelly is heavily wounded.
The jelly barely misses you.
You hit the jelly but do no damage.
Your hands burn!
* * * LOW HITPOINT WARNING * * *
The jelly is heavily wounded.
The jelly hits you.
* * * LOW HITPOINT WARNING * * *
You are splashed with acid!
* * * LOW HITPOINT WARNING * * *
Okay, then.
Found a small pearl ring.
The jelly closely misses you.
An orc comes into view. It is wielding a +0 flail.
The orc shouts!
You see here a ring of positive energy.
The orc barely misses you.
You hit the orc but do no damage. You closely miss the orc. The orc misses you.
The jelly hits you.
* * * LOW HITPOINT WARNING * * *
The acid corrodes you!
You are splashed with acid.
* * * LOW HITPOINT WARNING * * *
Unknown command.
You hit the orc.
The orc is moderately wounded.
The orc hits you with a +0 flail.
* * * LOW HITPOINT WARNING * * *
You hit the orc but do no damage.
The orc is moderately wounded.
The jelly completely misses you. The orc hits you with a +0 flail.
* * * LOW HITPOINT WARNING * * *
You hit the orc but do no damage.
The orc is moderately wounded.
The jelly hits you.
You die...

..#..######### .##..# .....#
#.#### #.#
#.###############################
#....>...........................
#################################
.... ......o@J.=.............
#################################
#.......................)......<
#.##############################
##.# ...# ####


You could see a jelly and an orc.

Vanquished Creatures
  Blork the orc (D:4)
  2 orc priests (D:3)
  Terence (D:3)
  An iguana (D:3)
  3 gnolls (D:3)
  4 adders
  An adder skeleton (D:4)
  A worm (D:2)
  2 dart slugs
  6 orcs (D:3)
  7 bats
  10 endoplasms
  2 giant cockroaches
  10 goblins
  4 hobgoblins
  8 jackals (D:4)
  8 kobolds
  4 quokkas
  5 ball pythons
  A ball python zombie (D:3)
  3 frilled lizards
  2 rats
86 creatures vanquished.

Notes
Turn   | Place    | Note
-------+----------+-------------------------------------------
     0 | D:1      | Strat the Demonspawn Brigand began the quest for the Orb.
     0 | D:1      | Reached XP level 1. HP: 16/16 MP: 1/1
    45 | D:1      | Found Paraliet's Antique Armour Shoppe.
    64 | D:1      | Found a faded altar of an unknown god.
   167 | D:1      | Gained mutation: You have a pair of small antennae on your
                  | head. [demonic ancestry]
   167 | D:1      | Reached XP level 2. HP: 16/22 MP: 2/2
  1218 | D:2      | Reached XP level 3. HP: 27/27 MP: 3/3
  2280 | D:3      | Noticed Terence
  2309 | D:3      | Killed Terence
  2310 | D:3      | Reached XP level 4. HP: 3/33 MP: 4/4
  2915 | D:3      | Gained mutation: You are partially covered in razor-sharp
                  | scales. (AC +1, Slay +1) [demonic ancestry]
  2915 | D:3      | Reached XP level 5. HP: 37/38 MP: 5/5
  3370 | D:3      | Reached skill level 5 in Stealth
  3490 | D:3      | Found a hide-covered altar of Uskayaw.
  4200 | D:4      | Found a staircase to the Ecumenical Temple.
  4238 | Temple   | Entered the Ecumenical Temple
  4301 | Temple   | Became a worshipper of Makhleb the Destroyer
  4486 | D:4      | Gained mutation: You have a pair of antennae on your head.
                  | [demonic ancestry]
  4486 | D:4      | Reached XP level 6. HP: 36/44 MP: 6/6
  5054 | D:4      | Noticed Blork the orc
  5057 | D:4      | Killed Blork the orc
  5058 | D:4      | Reached skill level 5 in Short Blades
  5107 | D:4      | HP: 1/44 [orc (6)]
  5108 | D:4      | Slain by a jelly

Illustrated notes

Levels and vault maps discovered:
D:1:      mrwooster_arrival_arrow, layout_loops_ring, serial_shops, shop,
          shapermc_ecumenical_altar_acropolis, minmay_pentomino_u2
D:2:      layout_loops_ring, minmay_between
D:3:      layout_basic, mainiacjoe_overflow_24_doors, minivault_24,
          minmay_fractal_squares_5, uniq_terence
D:4:      layout_basic, dk_xom_monty_hall, minmay_temple_entry_sparse_star,
          grunt_ministairs_9, nrook_uturn, hangedman_decor_clover_reticule,
          uniq_blork_the_orc
Temple:   cyrus_circular_temple

Skill      XL: |  1  2  3  4  5  6 |
---------------+-------------------+-----
Short Blades   | 2 3 4 5 |  5.1
Stealth        | 4 5 |  5.2
Fighting       | |  2.0
Throwing       | |  1.7
Dodging        | |  0.8

Action                   |  1- 3 |  4- 6 || total
-------------------------+-------+-------++-------
Melee: Dagger            |    89 |   160 ||   249
Throw: Dart              |     3 |    29 ||    32
 Stab: Sleeping          |    14 |     8 ||    22
Armor: Robe              |    18 |    44 ||    62
Dodge: Dodged            |    49 |    82 ||   131

Table legend: (Time is in decaauts)
 A = Elapsed time spent in this place.
 B = Non-inter-level travel time spent in this place.
 C = Inter-level travel time spent in this place.
 D = Time resting spent in this place.
 E = Time spent auto-exploring this place.
 F = Levels seen in this place.
 G = Mean time per level.
                   A        B        C        D        E       F      G
               +--------+--------+--------+--------+--------+-----+--------+
         Total |   5056 |   4848 |    208 |    713 |   2981 |   5 | 1011.2 |
       Dungeon |   4980 |   4804 |    176 |    713 |   2950 |   4 | 1245.0 |
        Temple |     76 |     44 |     32 |      0 |     31 |   1 |   76.0 |
               +--------+--------+--------+--------+--------+-----+--------+

Top non-repeatable levels by time:
     D:3: 1866 daAuts
     D:2: 1105 daAuts
     D:4: 1072 daAuts
     D:1: 936 daAuts
  Temple: 76 daAuts
